 Dungeon Crawl Stone Soup version 0.28-a0-1038-g9c4cb8273d (webtiles) character file.

Game seed: 11139927904956526712

140 croobank the Sneak (level 5, -1/41 HPs)
             Began as a Formicid Delver on Dec 9, 2021.
             Was a Believer of Fedhas.
             Succumbed to a scorpion's poison
             ... on level 2 of the Dungeon.
             The game lasted 00:07:24 (2017 turns).

croobank the Sneak (Formicid Delver)                Turns: 2017, Time: 00:07:25

Health: -1/41      AC:  7    Str: 16    XL:     5   Next: 46%
Magic:  5/5        EV: 11    Int: 18    God:    Fedhas [**....]
Gold:   61         SH:  0    Dex: 12    Spells: 2/4 levels left

rFire   . . .      SeeInvis +   t - +2 dagger (venom)
rCold   . . .      Faith    .   (no shield)
rNeg    . . .      Spirit   .   l - +0 ring mail
rPois   .          Reflect  .   (helmet unavailable)
rElec   .          Harm     .   (no cloak)
rCorr   .          Rampage  .   (no gloves)
Will    .....                   (no boots)
Stlth   +++.......              (no amulet)
HPRegen 0.13/turn               n - +6 ring of intelligence
MPRegen 0.09/turn               (no ring)

@: lethally poisoned (-1 -> -14)
A: permanent stasis, dig shafts and tunnels, antennae 3, four strong arms,
iridescent scales 1, mutation resistance 1
a: Dig, Shaft Self, Renounce Religion, Wall of Briars


You were on level 2 of the Dungeon.
You worshipped Fedhas.
Fedhas was pleased with you.
You visited 1 branch of the dungeon, and saw 5 of its levels.

You collected 61 gold pieces.

Inventory:

Hand Weapons
 a - a +0 mace
 m - a +1 short sword of draining
 t - a +2 dagger of venom (weapon)
Missiles
 h - 52 stones
Armour
 b - a +0 leather armour
 l - a +0 ring mail (worn)
 s - a +0 plate armour
Jewellery
 n - a +6 ring of intelligence (left hand)
Wands
 f - a wand of digging (3)
Scrolls
 c - a scroll of fog
 d - 2 scrolls of magic mapping
 e - a scroll of fear
 i - 2 scrolls of identify {unknown}
 o - a scroll of enchant weapon {unknown}
 p - a scroll of blinking {unknown}
 q - a scroll of enchant armour {unknown}
Potions
 k - a potion of resistance {unknown}
 r - a potion of curing {unknown}


   Skills:
 - Level 3.5 Fighting
 + Level 2.7 Short Blades
 - Level 2.9 Maces & Flails
 - Level 0.5 Armour
 - Level 1.8 Dodging
 - Level 7.0 Stealth


You had 2 spell levels left.
You knew the following spells:

 Your Spells              Type           Power      Damage    Failure   Level
a - Wereblood             Tmut           0%         N/A       52%         2

Your spell library contained the following spells:

 Spells                   Type           Power      Damage    Failure   Level
 Sublimation of Blood     Necr           0%         N/A       54%         2
 Summon Hydra             Summ           0%         N/A       100%        7


Dungeon Overview and Level Annotations

Branches:
Dungeon (5/15)
 Temple: D:4-7

Altars:
Fedhas
Uskayaw


Innate Abilities, Weirdness & Mutations

You cannot be hasted, slowed, berserked, paralysed or teleported.
You can dig through walls and to a lower floor.
You have a pair of large antennae on your head. (SInv)
Your four strong arms can wield two-handed weapons with a shield.
You are partially covered in iridescent scales. (AC +2)
You are somewhat resistant to further mutation.


Message History

You hit the scorpion.
The scorpion is poisoned.
The scorpion is lightly wounded.
You feel very sick. The scorpion barely misses you.
You hit the scorpion.
The scorpion is heavily wounded.
You feel very sick. The scorpion barely misses you.
You closely miss the scorpion.
The scorpion is severely wounded.
You feel sick.
The scorpion stings you but does no damage.
You hit the scorpion but do no damage.
The scorpion is severely wounded.
You feel sick. The scorpion stings you.
You are more poisoned.
The scorpion poisons you!
You barely miss the scorpion.
The scorpion is severely wounded.
You feel very sick. The scorpion stings you.
* * * LOW HITPOINT WARNING * * *
You are more poisoned.
The scorpion poisons you!
You barely miss the scorpion.
The scorpion is almost dead.
* * * LOW HITPOINT WARNING * * *
You feel very sick.
You kill the scorpion!
Fedhas appreciates your contribution to the ecosystem.
Your Short Blades skill increases to level 2!
You have reached level 5!
It was a potion of mutation.
You feel extremely strange.
Iridescent scales grow over part of your body.
You feel genetically stable.
* * * LOW HITPOINT WARNING * * *
You feel very sick.
It was a potion of magic.
Magic courses through your body.
You die...
Fedhas appreciates your contribution to the ecosystem.

#(..#####...... ....
#...#.......... #......
#...#†.........
##......######...#..........
................>...........
#......######......_..#####
.....##......######..............
.....##...........####...........
................@.# #...........
#.................# #...........
..................# #.####......
#.................# #.# ......
............####### ... (.....
#.<.........# #.......†...#
............# #...........#


There were no monsters in sight!

Vanquished Creatures
  A scorpion (D:2)
  A jelly (D:4)
  An adder (D:3)
  5 ball pythons
  6 endoplasms
  A giant cockroach (D:1)
  3 goblins (D:1)
  9 hobgoblins
  4 kobolds
  2 bats
  A frilled lizard (D:1)
  4 rats (D:1)
38 creatures vanquished.

Notes
Turn   | Place    | Note
-------+----------+-------------------------------------------
     0 | D:5      | croobank the Formicid Delver began the quest for the Orb.
     0 | D:5      | Reached XP level 1. HP: 18/18 MP: 1/1
    17 | D:5      | Noticed a jelly
    55 | D:4      | Noticed a jelly
    91 | D:4      | Killed a jelly
    92 | D:4      | Reached XP level 2. HP: 11/24 MP: 2/2
    92 | D:4      | Reached XP level 3. HP: 13/29 MP: 3/3
   622 | D:3      | Found a hide-covered altar of Uskayaw.
   971 | D:2      | Found a faded altar of an unknown god.
   980 | D:2      | Prayed at the altar of an unknown god.
   980 | D:2      | Became a worshipper of Fedhas Madash
   980 | D:2      | Reached * piety under Fedhas
   992 | D:2      | Noticed a scorpion
  1014 | D:1      | Reached XP level 4. HP: 33/35 MP: 4/4
  1174 | D:1      | Reached skill level 7 in Stealth
  1186 | D:1      | Learned a level 2 spell: Wereblood
  1346 | D:1      | Reached ** piety under Fedhas
  1889 | D:2      | Reached skill level 1 in Short Blades
  2015 | D:2      | Killed a scorpion
  2016 | D:2      | Reached XP level 5. HP: 4/41 MP: 5/5
  2016 | D:2      | Gained mutation: You are partially covered in iridescent
                  | scales. (AC +2) [potion of mutation]
  2016 | D:2      | Gained mutation: You are somewhat resistant to further
                  | mutation. [potion of mutation]
  2016 | D:2      | HP: 2/41 [poisoned by a scorpion]
  2017 | D:2      | Succumbed to a scorpion's poison

Illustrated notes

Levels and vault maps discovered:
D:1:      saegor_arrival_simple_c, layout_loops_ring
D:2:      layout_basic, basic_ecumenical_altar
D:3:      layout_loops_ring, chei_slow_surprise,
          nicolae_uskayaw_murder_on_the_dancefloor,
          mainiacjoe_overflow_small_starburst
D:4:      layout_loops_cross, kennysheep_mini_moat, minmay_temple_entry_hall,
          serial_undead, serial_undead_e, serial_undead_a, serial_undead_d,
          serial_undead_e
D:5:      layout_loops_ring

Skill      XL: |  1  2  3  4 |
---------------+-------------+-----
Stealth        | 7 |  7.0
Short Blades   | 2 |  2.7
Fighting       | |  3.5
Maces & Flails | |  2.9
Armour         | |  0.5
Dodging        | |  1.8

Action                   |  1- 3 |  4- 6 || total
-------------------------+-------+-------++-------
Melee: Mace              |    39 |    28 ||    67
       Short sword       |       |    29 ||    29
       Dagger            |       |    14 ||    14
  Use: Potion            |       |     2 ||     2
 Stab: Sleeping          |     4 |     6 ||    10
Armor: Leather armour    |     9 |       ||     9
       Ring mail         |     6 |    22 ||    28
Dodge: Dodged            |    27 |    33 ||    60

Table legend: (Time is in decaauts)
 A = Elapsed time spent in this place.
 B = Non-inter-level travel time spent in this place.
 C = Inter-level travel time spent in this place.
 D = Time resting spent in this place.
 E = Time spent auto-exploring this place.
 F = Levels seen in this place.
 G = Mean time per level.
                   A        B        C        D        E       F      G
               +--------+--------+--------+--------+--------+-----+--------+
         Total |   2034 |   2014 |     20 |    839 |    645 |   5 |  406.8 |
       Dungeon |   2034 |   2014 |     20 |    839 |    645 |   5 |  406.8 |
               +--------+--------+--------+--------+--------+-----+--------+

Top non-repeatable levels by time:
     D:1: 886 daAuts
     D:3: 537 daAuts
     D:4: 408 daAuts
     D:2: 170 daAuts
     D:5: 31 daAuts
